Map: Terraform LE (Void)

Players

Javert

  • Race: Zerg Zerg
  • League: Grandmaster

Hostile - Winner!

  • Race: Zerg Zerg
  • League: Grandmaster

VOD

Have the link to the VOD?

Description

Time

  • Played on: July 14, 2015, 5:22 p.m.
  • Length: 16:46
Show
View Real Time Build Order
Export as new Build Order

Javert Zerg 

Build Orders: Hatch First, Muta Ling Bane 

Get SALT Encoding   

  12  0:01  Drone  
  13  0:13  Overlord  
  13  0:18  Drone  
  14  0:31  Drone x2  
  16  0:50  Hatchery  
  16  0:52  Drone  
  16  0:55  Extractor  
  15  0:58  Drone  
  15  1:01  Drone  
  17  1:10  Drone  
  18  1:21  Spawning Pool  
  18  1:23  Drone  
  18  1:29  Drone  
  19  1:40  Overlord  
  19  1:50  Drone  
  20  2:08  Metabolic Boost, Queen  
  20  2:09  Queen  
  20  2:14  Zergling x4  
  26  2:16  Zergling x2  
  26  2:19  Zergling x2  
  28  2:28  Drone x2  
  30  2:38  Overlord  
  30  2:40  Drone  
  31  2:45  Baneling Nest  
  31  2:51  Drone x2  
  32  2:58  Drone  
  32  2:59  Drone  
  34  3:06  Drone  
  34  3:07  Drone  
  35  3:22  Drone x5  
  35  3:23  Drone x3  
  43  3:40  Overlord  
  43  3:42  Baneling x4  
  43  3:51  Overlord  
  43  3:55  Extractor  
  41  4:12  Drone x11  
  41  4:16  Overlord  
  52  4:19  Extractor  
  52  4:20  Extractor  
  50  4:25  Evolution Chamber, Lair  
  50  4:26  Evolution Chamber  
  48  4:33  Baneling x2  
  48  4:39  Drone x2  
  48  4:40  Overlord  
  50  4:49  Spine Crawler  
  49  4:56  Overlord x2  
  49  4:57  Overlord  
  49  4:58  Drone x2  
  49  4:59  Drone x5  
  56  5:01  Zergling x10  
  61  5:17  Baneling  
  61  5:24  Baneling x3  
  61  5:27  Spire  
  60  5:40  Overseer  
  60  5:46  Overlord x2  
  60  5:48  Zergling x10  
  65  5:50  Centrifical Hooks  
  65  5:53  Burrow  
  65  6:16  Roach Warren  
  63  6:40  Hatchery, Mutalisk x7  
  76  6:57  Mutalisk  
  76  6:58  Mutalisk  
  80  7:17  Zerg Missile Weapons Level 1  
  80  7:25  Spore Crawler x3  
  80  7:27  Spore Crawler x2  
  80  7:28  Spore Crawler  
  74  7:33  Mutalisk x2  
  78  7:55  Mutalisk x2  
  82  8:02  Extractor x2  
  80  8:06  Zerg Flyer Armor Level 1  
  80  8:10  Spore Crawler, Zergling x2  
  80  8:11  Zergling x44  
  102  8:13  Spore Crawler  
  102  8:14  Spore Crawler, Overlord  
  95  8:48  Drone  
  95  8:50  Spore Crawler  
  60  8:57  Mutalisk x4  
  60  9:07  Hydralisk Den  
  53  9:18  Drone  
  53  9:19  Drone x9  
  53  9:20  Spore Crawler x2  
  53  9:21  Spore Crawler  
  60  9:26  Mutalisk  
  60  9:30  Queen  
  64  9:50  Mutalisk x2  
  68  9:58  Mutalisk  
  68  10:05  Spore Crawler, Spine Crawler  
  68  10:06  Spine Crawler  
  65  10:08  Zergling x14  
  65  10:09  Zergling x14  
  79  10:15  Corruptor  
  81  10:25  Zerg Ground Armor Level 1  
  81  10:27  Corruptor x2  
  85  10:43  Baneling x9  
  85  10:52  Corruptor  
  84  11:17  Mutalisk x3  
  79  11:25  Drone  
  79  11:26  Drone x16  
  79  11:32  Drone x3  
  99  11:49  Drone x2  
  101  11:55  Infestation Pit  
  101  11:57  Zerg Flyer Armor Level 2  
  92  12:09  Queen  
  92  12:11  Queen  
  92  12:14  Overlord x2  
  96  12:16  Drone x2  
  98  12:27  Spore Crawler x2  
  96  12:31  Glial Reconstitution  
  96  12:44  Queen  
  96  12:46  Hive  
  98  12:54  Roach  
  98  12:55  Roach x10  
  98  12:57  Overlord x3  
  120  13:05  Zergling x2  
  121  13:20  Hydralisk x9  
  139  13:33  Muscular Augments  
  139  13:58  Viper  
  139  13:59  Viper  
  139  14:01  Overlord  
  139  14:02  Overlord x2  
  141  14:18  Spore Crawler  
  141  14:19  Spore Crawler x2  
  138  14:27  Hydralisk  
  138  14:28  Hydralisk x14  
  162  15:18  Overlord x3  
  161  15:40  Roach x7  
  161  15:41  Hatchery  
  174  16:04  Corruptor x3  
Show
View Real Time Build Order
Export as new Build Order

Hostile Zerg - Winner!

Build Orders: Hatch First 

Get SALT Encoding   

  12  0:01  Drone  
  13  0:13  Overlord  
  13  0:18  Drone  
  14  0:22  Extractor  
  14  0:24  Drone  
  15  0:32  Drone  
  16  0:37  Drone  
  17  0:47  Drone  
  18  0:59  Hatchery  
  18  1:03  Drone  
  18  1:07  Extractor  
  18  1:09  Drone  
  18  1:29  Spawning Pool  
  18  1:32  Drone  
  18  1:33  Drone  
  19  1:41  Drone  
  20  1:53  Overlord  
  20  2:05  Drone  
  21  2:15  Drone x2  
  23  2:16  Queen x2  
  23  2:21  Metabolic Boost  
  27  2:29  Spine Crawler  
  26  2:37  Baneling Nest  
  26  2:39  Drone x2  
  26  2:43  Drone  
  28  2:49  Overlord  
  28  3:03  Zergling x8  
  32  3:16  Drone x3  
  32  3:18  Queen  
  37  3:24  Evolution Chamber  
  36  3:35  Drone x5  
  36  3:36  Drone  
  42  3:43  Overlord  
  38  4:16  Zerg Ground Armor Level 1  
  38  4:18  Lair, Extractor  
  38  4:20  Drone x3  
  38  4:23  Drone  
  38  4:24  Drone  
  42  4:26  Extractor  
  42  4:27  Extractor  
  42  4:30  Drone x3  
  43  4:33  Spine Crawler  
  43  4:36  Drone x2  
  43  4:37  Drone  
  43  4:38  Spine Crawler  
  44  4:42  Drone  
  45  4:54  Drone  
  45  4:58  Drone x4  
  50  5:04  Zergling x4  
  52  5:09  Overlord  
  52  5:14  Hatchery  
  51  5:26  Drone, Spire  
  51  5:35  Drone  
  51  5:38  Overlord  
  51  5:39  Overlord  
  51  5:41  Overlord  
  52  5:52  Zergling x6  
  52  5:53  Zergling x6  
  58  6:01  Overlord  
  58  6:11  Queen x2  
  60  6:39  Mutalisk x2  
  60  6:40  Mutalisk x6  
  60  6:44  Queen  
  60  6:46  Zergling x2  
  60  6:47  Zergling x6  
  82  6:57  Mutalisk x3  
  88  7:02  Mutalisk  
  88  7:03  Mutalisk  
  88  7:05  Mutalisk  
  94  7:10  Zergling x4  
  94  7:11  Zergling x4  
  98  7:32  Overlord x5  
  98  7:49  Spore Crawler  
  98  7:50  Zerg Flyer Weapons Level 1  
  98  7:51  Spore Crawler, Zerg Ground Armor Level 2  
  96  7:58  Drone x6  
  100  7:59  Drone x5  
  107  8:06  Baneling x4  
  107  8:30  Mutalisk  
  107  8:31  Mutalisk x2  
  107  8:34  Overlord x5  
  113  8:35  Overlord x2  
  99  8:56  Mutalisk x4  
  92  9:14  Drone x2  
  92  9:15  Drone x6  
  100  9:19  Spine Crawler x2  
  100  9:22  Drone, Spine Crawler, Queen  
  100  9:23  Spore Crawler  
  99  9:58  Drone x4  
  99  9:59  Drone x5  
  108  10:01  Hatchery, Extractor  
  108  10:03  Extractor  
  105  10:11  Zergling x4  
  105  10:12  Zergling x8  
  111  10:15  Zergling x2  
  111  10:19  Spore Crawler  
  111  10:23  Spore Crawler  
  110  10:37  Drone x3  
  110  10:39  Drone x3  
  110  10:40  Overlord x4  
  116  10:45  Mutalisk x2  
  116  10:46  Mutalisk x6  
  126  11:16  Drone x3  
  126  11:17  Drone x6  
  116  11:22  Zergling x2  
  116  11:23  Zergling x4  
  119  11:34  Drone x5  
  119  11:39  Spore Crawler  
  123  11:40  Zergling x4  
  123  11:41  Spore Crawler x2, Spine Crawler, Zergling x4  
  123  11:42  Baneling x3  
  123  11:43  Baneling  
  122  12:11  Zergling x12  
  122  12:12  Zergling x14  
  122  12:13  Zergling x4  
  137  12:30  Spine Crawler  
  137  12:31  Queen  
  137  12:33  Drone x5  
  137  12:34  Drone x3  
  146  12:40  Spine Crawler  
  146  12:43  Spine Crawler  
  144  12:53  Evolution Chamber  
  144  12:57  Baneling Nest  
  142  13:00  Evolution Chamber  
  141  13:05  Drone  
  141  13:06  Drone x6, Infestation Pit  
  141  13:11  Extractor  
  141  13:12  Extractor  
  145  13:15  Spine Crawler x2  
  145  13:17  Spore Crawler  
  142  13:24  Hydralisk Den  
  141  13:30  Zerg Melee Weapons Level 1  
  141  13:42  Hive  
  141  13:46  Zergling x2  
  141  13:47  Zergling x14  
  141  13:48  Zergling x12  
  155  14:21  Muscular Augments  
  155  14:24  Drone x2  
  155  14:25  Drone  
  155  14:29  Drone x3  
  155  14:31  Overlord x6  
  161  14:32  Overlord x5  
  150  14:50  Zergling x12  
  150  14:51  Zergling x8  
  153  15:04  Zergling x6  
  153  15:05  Zergling x14  
  153  15:06  Zergling x2  
  164  15:13  Centrifical Hooks  
  158  15:40  Hydralisk x5  
  158  15:41  Hydralisk x4  
  158  15:42  Hydralisk x5  
  182  15:43  Hydralisk x2  
  190  15:58  Hydralisk x5  
  190  16:03  Overlord x4  
  200  16:10  Extractor  
  200  16:11  Hatchery  
  198  16:14  Extractor  
Tags
 
Add a new tag
Caveats
  • Supply blocks, unpowered buildings, or Contaminate may cause inaccurate times.
  • Supply counts are checked every 10 seconds.